 Dungeon Crawl Stone Soup version 0.27-a0-475-g4587593e40 (webtiles) character file.

Game seed: 7045781758331931802

139 Nattfarinn the Firebug (level 5, 0/35 HPs)
             Began as a Demonspawn Fire Elementalist on Mar 1, 2021.
             Slain by Sigmund
             ... wielding a +0 scythe
              (8 damage)
             ... on level 3 of the Dungeon.
             The game lasted 00:06:30 (4063 turns).

Nattfarinn the Firebug (DsFE)                       Turns: 4063, Time: 00:06:31

Health: 0/35       AC:  3    Str:  9    XL:     5   Next: 1%
Magic:  2/10       EV: 12    Int: 17    God:
Gold:   177        SH:  5    Dex: 13    Spells: 9/10 levels left

rFire    . . .     SeeInvis .   (no weapon)
rCold    . . .     Faith    .   (no shield)
rNeg     . . .     Spirit   .   a - +0 robe
rPois    .         Reflect  +   (helmet restricted)
rElec    .         Harm     .   (no cloak)
rCorr    .         Rampage  .   i - +0 pair of gloves
Will     .....                  (no boots)
Stlth    ++........             d - amulet of reflection
HPRegen  0.11/turn              (no ring)
MPRegen  0.12/turn              (no ring)

@: lethally poisoned (0 -> -4), about to teleport
A: horns 2, demonic guardian 1, spiny 1
a: no special abilities


You were on level 3 of the Dungeon.
You visited 1 branch of the dungeon, and saw 3 of its levels.

You collected 177 gold pieces.

Inventory:

Armour
 a - a +0 robe (worn)
 i - a +0 pair of gloves (worn)
 n - a +0 buckler
Jewellery
 d - an amulet of reflection (around neck)
 o - a ring of willpower
Scrolls
 e - a scroll of enchant armour {unknown}
 h - a scroll of teleportation
 l - a scroll of immolation {unknown}
 m - a scroll of identify {unknown}
Potions
 b - a potion of lignification {unknown}
 c - 2 potions of curing
 f - a potion of brilliance {unknown}
 j - a potion of haste {unknown}


   Skills:
 - Level 1.7 Dodging
 - Level 1.7 Stealth
 + Level 1.4 Shields
 - Level 3.4 Spellcasting
 - Level 1.0 Conjurations
 - Level 3.9 Fire Magic


You had 9 spell levels left.
You knew the following spells:

 Your Spells              Type           Power        Failure   Level
a - Foxfire               Conj/Fire      44%          6%          1

Your spell library contained the following spells:

 Spells                   Type           Power        Failure   Level
 Conjure Flame            Conj/Fire      11%          19%         3
 Inner Flame              Hex/Fire       9%           22%         3
 Sticky Flame             Conj/Fire      11%          52%         4
 Fireball                 Conj/Fire      5%           86%         5


Dungeon Overview and Level Annotations

Branches:
Dungeon (3/15)

Altars:
Hepliaklqana
Qazlal
Uskayaw
Xom
Zin

Annotations:
D:3 Sigmund


Innate Abilities, Weirdness & Mutations

You have a pair of horns on your head.
A weak demonic guardian rushes to your aid.
You are partially covered in sharp spines.


Message History

You kill the hobgoblin!
You hear some strange, mumbled words.
You are confused.
The adder misses you.
You hit the adder.
The adder is moderately wounded.
The foxfire hits the adder but does no damage.
The adder is moderately wounded.
The foxfire hits the adder.
The adder is heavily wounded.
The adder is struck by your spines. The adder bites you. Something hits you!
The adder bites you.
You're too confused to cast spells.
Unknown command.
The adder barely misses you.
Unknown command.
You miss the adder. Your headbutt misses the adder.
The adder is severely wounded.
You feel less confused. The adder barely misses you. Something hits you!
A demonic guardian appears!
As you read the scroll labelled MOEZXYIL JIFU, it crumbles to dust.
You hear a loud clanging noise!
It was a scroll of noise.
You hear a shout!
You hear a bark! x2
You block the adder's attack. You block something's attack.
As you read the scroll labelled LAFIHEL TYGA, it crumbles to dust.
The scroll dissolves into smoke.
It was a scroll of fog.
The adder bites you.
* * * LOW HITPOINT WARNING * * *
You are poisoned.
The adder poisons you! The adder barely misses you.
You feel sick.
As you read the scroll labelled RYKHEM BAOCS, it crumbles to dust.
You feel strangely unstable.
It was a scroll of teleportation.
Your shadow imp hits the adder.
The adder dies!
Something hits you!
You die...

...####...........#
..................#
#########....#......#
...........>.#......#
#######†..####.....##
#####E#...#E##§§§..#
....###...###+§§§{§#
####.........#§5§§.#
........_....#§§@§§#
.............#.§.§§#
.######...##########
## #E#...#E#
###...### #####


You could see a friendly shadow imp (summoned).

Vanquished Creatures
  6 adders (D:2)
  A white imp (D:2)
  An ooze (D:2)
  2 worms (D:2)
  3 leopard geckos
  4 giant cockroaches (D:2)
  5 goblins (D:1)
  11 hobgoblins
  4 jackals (D:2)
  4 kobolds
  2 quokkas (D:2)
  3 ball pythons
  9 bats
  6 frilled lizards
  7 rats
68 creatures vanquished.

Vanquished Creatures (collateral kills)
  An adder (D:3)
  5 foxfires (D:2)
6 creatures vanquished.

Vanquished Creatures (others)
  335 foxfires
335 creatures vanquished.

Grand Total: 409 creatures vanquished

Notes
Turn   | Place    | Note
-------+----------+-------------------------------------------
     0 | D:1      | Nattfarinn the Demonspawn Fire Elementalist began the quest
                  | for the Orb.
     0 | D:1      | Reached XP level 1. HP: 13/13 MP: 3/3
   304 | D:1      | Gained mutation: You have a pair of small horns on your
                  | head. [demonic ancestry]
   304 | D:1      | Reached XP level 2. HP: 17/19 MP: 0/5
  1501 | D:1      | Gained mutation: A weak demonic guardian rushes to your
                  | aid. [demonic ancestry]
  1501 | D:1      | Reached XP level 3. HP: 24/24 MP: 4/7
  2331 | D:2      | Gained mutation: You are partially covered in sharp spines.
                  | [demonic ancestry]
  2331 | D:2      | Reached XP level 4. HP: 30/30 MP: 3/8
  2637 | D:2      | Found a faded altar of an unknown god.
  3264 | D:2      | Found an opulent altar of Gozag.
  3420 | D:2      | Reached skill level 1 in Shields
  3747 | D:2      | Found a hazy altar of Hepliaklqana.
  3747 | D:2      | Found a shimmering altar of Xom.
  3751 | D:2      | Found a glowing silver altar of Zin.
  3751 | D:2      | Found a shimmering altar of Xom.
  3751 | D:2      | Found a hide-covered altar of Uskayaw.
  3905 | D:3      | Found a stormy altar of Qazlal.
  3907 | D:3      | Noticed a water elemental
  3907 | D:3      | Noticed an air elemental
  3908 | D:3      | Noticed a fire elemental
  3908 | D:3      | Noticed an earth elemental
  4020 | D:3      | Noticed Sigmund
  4032 | D:3      | Gained mutation: You have a pair of horns on your head.
                  | [demonic ancestry]
  4032 | D:3      | Reached XP level 5. HP: 35/35 MP: 5/10
  4063 | D:3      | Slain by Sigmund

Illustrated notes

Levels and vault maps discovered:
D:1:      scummos_arrival_hexagon, layout_loops_cross, minmay_tree_intersection
D:2:      minmay_door_path, layout_basic, doesnt_xom_only_xom, serial_forest,
          infiniplex_forest_lined_2, infiniplex_forest_lined_room_2,
          infiniplex_forest_straight_3, infiniplex_forest_straight_4,
          infiniplex_forest_clump_long, infiniplex_forest_straight_4,
          chequers_ecumenical_altar_simple, chequers_decorated_corner
D:3:      layout_basic, grunt_temple_overflow_open, gup_sewer_entry_spiral,
          grunt_decor_one_mirror, nicolae_qazlal_style_of_elements, uniq_sigmund

Skill      XL: |  1  2  3  4 |
---------------+-------------+-----
Fire Magic     | 3 |  3.9
Spellcasting   | 3 |  3.4
Shields        | 1 |  1.4
Dodging        | |  1.7
Stealth        | |  1.7
Conjurations   | |  1.0

Action                   |  1- 3 |  4- 6 || total
-------------------------+-------+-------++-------
Melee: Unarmed           |    16 |     3 ||    19
       Headbutt          |     2 |       ||     2
 Cast: Foxfire           |   105 |   103 ||   208
  Use: Scroll            |       |     3 ||     3
       Potion            |       |     1 ||     1
Armor: Robe              |     5 |     3 ||     8
Dodge: Dodged            |    17 |    17 ||    34
Block: Other             |       |     4 ||     4

Table legend: (Time is in decaauts)
 A = Elapsed time spent in this place.
 B = Non-inter-level travel time spent in this place.
 C = Inter-level travel time spent in this place.
 D = Time resting spent in this place.
 E = Time spent auto-exploring this place.
 F = Levels seen in this place.
 G = Mean time per level.
                   A        B        C        D        E       F      G
               +--------+--------+--------+--------+--------+-----+--------+
         Total |   4062 |   3955 |    107 |    422 |   3044 |   3 | 1354.0 |
       Dungeon |   4062 |   3955 |    107 |    422 |   3044 |   3 | 1354.0 |
               +--------+--------+--------+--------+--------+-----+--------+

Top non-repeatable levels by time:
     D:2: 2139 daAuts
     D:1: 1751 daAuts
     D:3: 171 daAuts
